 Dungeon Crawl Stone Soup version 0.22.0-18-ge075c0d (webtiles) character file.

112 Lauz the Gusty (level 4, -3/24 HPs)
             Began as a Tengu Air Elementalist on Aug 18, 2018.
             Killed from afar by an orc wizard (9 damage)
             ... with a magic dart
             ... on level 3 of the Dungeon.
             The game lasted 00:12:12 (2268 turns).

Lauz the Gusty (Tengu Air Elementalist)             Turns: 2268, Time: 00:12:13

Health: -3/24      AC:  2    Str:  8    XL:     4   Next: 93%
Magic:  3/9        EV: 13    Int: 16    God:
Gold:   130        SH:  0    Dex: 15    Spells: 4/9 levels left

rFire    . . .     SeeInvis .   i - -2 short sword (curse)
rCold    . . .     Gourm    .   (no shield)
rNeg     . . .     Faith    .   a - +0 robe
rPois    .         Spirit   .   (helmet restricted)
rElec    .         Reflect  .   (no cloak)
rCorr    .         Harm     .   (no gloves)
MR       .....                  (boots unavailable)
Stlth    +.........             (no amulet)
HPRegen  0.08/turn              (no ring)
MPRegen  0.11/turn              (no ring)

@: confused
A: beak, talons 3
a: no special abilities


You were on level 3 of the Dungeon.
You were not hungry.

You visited 1 branch of the dungeon, and saw 3 of its levels.

You collected 130 gold pieces.

Inventory:

Hand Weapons
 i - a cursed -2 short sword (weapon)
Armour
 a - a +0 robe (worn)
Scrolls
 d - 2 scrolls of identify
 e - a scroll of magic mapping
 k - 2 scrolls of blinking
Potions
 f - 2 potions of haste {unknown}
 g - 2 potions of magic {unknown}
 h - a potion of lignification {unknown}
 j - 3 potions of might {unknown}
 l - a potion of brilliance {unknown}
Comestibles
 c - 5 rations


   Skills:
 - Level 2.1 Dodging
 - Level 2.0 Stealth
 + Level 3.0 Spellcasting
 * Level 3.1 Conjurations
 * Level 5.6 Air Magic


You had 4 spell levels left.
You knew the following spells:

 Your Spells              Type           Power        Failure   Level  Hunger
a - Shock                 Conj/Air       ###.         3%          1    #......
b - Airstrike             Air            ###.......   19%         4    #####..

Your spell library contained the following spells:

 Spells                   Type           Power        Failure   Level  Hunger
 Swiftness                Chrm/Air       ##......     9%          2    ##.....
 Static Discharge         Conj/Air       ###.....     10%         3    ###....
 Lightning Bolt           Conj/Air       ###.......   65%         5    ######.


Dungeon Overview and Level Annotations

Branches:
Dungeon (3/15)

Altars:
Fedhas
Ru
Zin


Innate Abilities, Weirdness & Mutations

You have a beak for a mouth.
You have claws for feet.


Message History

* * * LOW HITPOINT WARNING * * *
Casting: Shock (safe; 3% risk of failure)
Confirm with . or Enter, or press ? or * to list all spells.
You don't know that spell.
Casting: Shock (safe; 3% risk of failure)
Confirm with . or Enter, or press ? or * to list all spells.
Aiming: Airstrike (slightly dangerous; 19% risk of failure)
Press: ? - help, Dir - move target cursor, f/p - orc wizard
Aim: an orc wizard, wielding a dagger and wearing a robe (moderately wounded)
The air twists around and strikes the orc wizard!
The orc wizard is severely wounded.
The orc wizard gestures at you while chanting.
You are confused.
You hear a shout!
You're too confused to cast spells.
A ball python, an orc and a skeleton come into view.
The orc shouts!
The ball python hisses angrily.
The orc wizard points at you and mumbles some strange words.
The magic dart hits you!
You die...

*,,* #..# #..... *,,* #..#
###### *,,* #..# # *,,*
*#########§.#######**** # *,,*
*...........§§.....,,,* *,,**
***.≈.≈.≈$≈.≈§≈.#####**,* ,,,,*
*,,≈...≈..§≈.§§§§# *,*
,,,****,≈.§.§.≈.§.§.≈§§# *,*
,,,,,,,,,)o≈...§@..§§§.# *,*
,,*****,≈.≈o≈.≈§§.§§≈§§#* *,*
,,* **,§§§§.≈...§.b§§.%# *,*
,,****,,≈.§.§o≈.≈.§.≈.≈.# *,*
,**,,,,,,.§≈o§.≈...≈....# *,*
,**,**,,≈.≈o≈.≈S≈.≈.§.≈.# *,*
,**,***,,≈.§.≈...≈...≈..#****,*
,**,* **≈.≈.≈Z≈.≈.§.≈.≈.,,,,,,*
,**,* *,,,,≈,,,≈,,,≈,,,,*******


You could see an orc wizard, 3 orcs, a ball python and a centaur skeleton
(wandering).

Vanquished Creatures
  2 adders (D:2)
  An ooze (D:1)
  2 worms (D:2)
  5 dart slugs (D:1)
  4 leopard geckos
  2 orcs (D:3)
  A giant cockroach (D:2)
  6 goblins
  8 hobgoblins
  6 jackals
  A quokka (D:2)
  A ball python (D:1)
  8 bats
  3 frilled lizards
  7 kobolds
  7 rats
64 creatures vanquished.

Notes
Turn   | Place    | Note
-------+----------+-------------------------------------------
     0 | D:1      | Lauz the Tengu Air Elementalist began the quest for the Orb.
     0 | D:1      | Reached XP level 1. HP: 10/10 MP: 4/4
   150 | D:1      | Reached XP level 2. HP: 15/15 MP: 4/6
   486 | D:1      | Reached XP level 3. HP: 19/19 MP: 2/7
   702 | D:1      | Reached skill level 5 in Air Magic
  1186 | D:2      | Reached XP level 4. HP: 23/24 MP: 0/9
  1350 | D:2      | Found a blossoming altar of Fedhas.
  1368 | D:2      | Learned a level 4 spell: Airstrike
  1752 | D:2      | Found a faded altar of an unknown god.
  1909 | D:2      | Found a glowing silver altar of Zin.
  2044 | D:3      | Found a sacrificial altar of Ru.
  2268 | D:3      | Killed from afar by an orc wizard

Skill      XL: |  1  2  3  4 |
---------------+-------------+-----
Air Magic      | 5 |  5.6
Conjurations   | 2 3 |  3.1
Spellcasting   | 3 |  3.0
Dodging        | |  2.1
Stealth        | |  2.0

Action                   |  1- 3 |  4- 6 || total
-------------------------+-------+-------++-------
Melee: Unarmed           |     1 |       ||     1
       Short sword       |       |     1 ||     1
       Kick              |       |     1 ||     1
       Peck              |       |     1 ||     1
 Cast: Shock             |    78 |    52 ||   130
       Airstrike         |       |     2 ||     2
  Use: Scroll            |       |     6 ||     6
  Eat: Chunk             |     1 |     4 ||     5
Armor: Robe              |     1 |     2 ||     3
Dodge: Dodged            |    15 |     8 ||    23
